 Dungeon Crawl Stone Soup version 0.29.1-15-g9cfb28693d (webtiles) character file.

Game seed: 9466308810940093346

143 jtron the Charlatan (level 5, -3/37 HPs)
             Began as a Gnoll Wanderer on Mar 21, 2023.
             Was a Follower of the Shining One.
             Constricted to death by Duvessa (6 damage)
             ... on level 4 of the Dungeon.
             The game lasted 00:07:54 (5501 turns).

jtron the Charlatan (Gnoll Wanderer)                Turns: 5501, Time: 00:07:56

Health: -3/37      AC:  2    Str: 12    XL:     5   Next: 25%
Magic:  0/12       EV: 10    Int: 13    God:    the Shining One [*.....]
Gold:   158        SH:  0    Dex: 17    Spells: 10/14 levels left

rFire   . . .      SeeInvis .   a - +0 short sword
rCold   . . .      Faith    .   (no shield)
rNeg    . . .      Spirit   .   d - +0 robe
rPois   .          Reflect  .   (no helmet)
rElec   .          Harm     .   (no cloak)
rCorr   .          Rampage  .   (no gloves)
Will    .....                   (no boots)
Stlth   +.........              (no amulet)
HPRegen 0.12/turn               l - +6 ring of dexterity
MPRegen 0.13/turn               n - ring of flight

@: grasped by roots, flying, glowing, constricted
A: fangs 1, strong nose, distributed training, hooves 1
a: Renounce Religion, Divine Shield


You were on level 4 of the Dungeon.
You worshipped the Shining One.
The Shining One was aware of your devotion.
You visited 2 branches of the dungeon, and saw 5 of its levels.

You collected 158 gold pieces.

Inventory:

Hand Weapons
 a - a +0 short sword (weapon)
Missiles
 h - 48 stones
 t - a throwing net
 u - 4 boomerangs (quivered)
 w - 6 atropa-tipped darts
 y - 3 poisoned darts
Armour
 d - a +0 robe (worn)
Jewellery
 i - an amulet of guardian spirit
 l - a +6 ring of dexterity (left hand)
 n - a ring of flight (right hand)
Wands
 m - a wand of quicksilver (5)
Scrolls
 c - a scroll of silence {unknown}
 e - 2 scrolls of immolation
 f - 2 scrolls of poison {unknown}
 g - a scroll of enchant armour {unknown}
 j - a scroll of vulnerability {unknown}
 o - a scroll of fear {unknown}
 s - a scroll of summoning {unknown}
 v - 2 scrolls of teleportation {unknown}
 x - a scroll of fog {unknown}
Potions
 k - a potion of lignification
 p - a potion of flight {unknown}
 q - a potion of magic {unknown}
 r - a potion of cancellation {unknown}
 z - a potion of heal wounds
Miscellaneous
 b - a piece from Xom's chessboard (15/15)


   Skills:
 + Level 1.4 Fighting
 + Level 3.0 Short Blades
 + Level 1.4 Long Blades
 + Level 1.4 Axes
 + Level 1.4 Maces & Flails
 + Level 1.4 Polearms
 + Level 1.4 Staves
 + Level 1.4 Ranged Weapons
 + Level 1.4 Throwing
 + Level 1.4 Armour
 + Level 3.0 Dodging
 + Level 1.4 Stealth
 + Level 1.4 Shields
 + Level 1.4 Unarmed Combat
 + Level 5.2 Spellcasting
 + Level 1.1 Conjurations
 + Level 5.5 Hexes
 + Level 1.1 Summonings
 + Level 1.1 Necromancy
 + Level 1.1 Translocations
 + Level 1.1 Transmutations
 + Level 1.1 Fire Magic
 + Level 1.1 Ice Magic
 + Level 1.1 Air Magic
 + Level 1.1 Earth Magic
 + Level 1.1 Poison Magic
 + Level 1.6 Invocations
 + Level 6.7 Evocations


You had 10 spell levels left.
You knew the following spells:

 Your Spells              Type           Power      Damage    Failure   Level
a - Slow                  Hex            68%        N/A       1%          1
b - Tukima's Dance        Hex            17%        N/A       5%          3

Your spell library contained the following spells:

 Spells                   Type           Power      Damage    Failure   Level
 Apportation              Tloc           12%        N/A       12%         1
 Necrotise                Necr           24%        1d5       12%         1
 Summon Small Mammal      Summ           24%        N/A       12%         1
 Dazzling Flash           Conj/Hex       24%        N/A       14%         3
 Inner Flame              Hex/Fire       12%        N/A       14%         3
 Passage of Golubria      Tloc           6%         N/A       75%         4
 Yara's Violent Unravell  Hex/Tmut       6%         3d5       77%         5
 Chain Lightning          Conj/Air       3%         3d4       100%        9
 Fire Storm               Conj/Fire      3%         8d1       100%        9
 Shatter                  Erth           3%         3d7*      100%        9


Dungeon Overview and Level Annotations

Branches:
Dungeon (4/15)             Temple (1/1) D:4

Altars:
Fedhas
Gozag
Nemelex Xobeh
Qazlal
Sif Muna
Trog
Vehumet
Wu Jian
Yredelemnul
Zin
The Shining One

Shops:
D:4 :

Annotations:
D:4 Dowan, Duvessa


Innate Abilities, Weirdness & Mutations

You have very sharp teeth.
Your uncanny sense of smell can sniff out nearby items.
Your experience applies equally to all skills.
You have large cloven feet.


Message History

Press: ? - help, Shift-Dir - straight line, f - Duvessa
Aim: Duvessa, wielding a +1 short sword of freezing, wearing a +0 leather armour and carrying a wand of roots (4) (chance to affect: 32%) Duvessa easily resists.
The goblin hits you with a +0 club.
Casting: Tukima's Dance (dangerous; 5% risk of failure)
Confirm with . or Enter, or press ? or * to list all spells.
Aiming: Tukima's Dance (dangerous; 5% risk of failure)
Press: ? - help, Shift-Dir - straight line, p - Duvessa Dowan resists with some effort.
Duvessa zaps a wand.
The roots erupt in riotous growth!
The grasping roots grab you!
The goblin is unaffected.
The grasping roots constrict you. The goblin hits you with a +0 club.
Casting: Tukima's Dance (dangerous; 5% risk of failure)
Confirm with . or Enter, or press ? or * to list all spells.
Aiming: Tukima's Dance (dangerous; 5% risk of failure)
Press: ? - help, Shift-Dir - straight line, f - goblin
Aim: a goblin, wielding a +0 club (haloed, chance to affect: 67%)
The +0 club dances into the air!
The grasping roots constrict you. The goblin hits you but does no damage.
Dowan casts a spell at you. The puff of flame hits you!
Casting: Tukima's Dance (dangerous; 5% risk of failure)
Confirm with . or Enter, or press ? or * to list all spells.
Aiming: Tukima's Dance (dangerous; 5% risk of failure)
Press: ? - help, Shift-Dir - straight line, f - Duvessa, p - goblin
Aim: Duvessa, wielding a +1 short sword of freezing, wearing a +0 leather armour and carrying a wand of roots (3) (chance to affect: 32%) Duvessa easily resists.
The grasping roots constrict you. The goblin closely misses you.
Dowan gestures wildly while chanting.
Dowan blinks!
Casting: Tukima's Dance (dangerous; 5% risk of failure)
Confirm with . or Enter, or press ? or * to list all spells.
You don't have enough magic to cast this spell.
You barely miss Duvessa.
Duvessa hits you with a +1 short sword of freezing!
* * * LOW HITPOINT WARNING * * *
Duvessa freezes you.
* * * LOW HITPOINT WARNING * * *
The grasping roots constrict you.
You die...

####### ########
##≈≈.≈≈###......##
#≈≈≈[≈≈≈#..# #...#
##≈≈⌠.⌠≈≈...# #.⌠.#
##...∩......###...####
##≈≈⌠.⌠≈≈............#
##≈≈≈.≈≈≈....⌠..@eh⌠.#
#..≈≈.≈≈.........g.§.#
..##.##########..(###...
###..# #.e.# # # #..#
#...# ####.. ####...#
...### ...# ...####..
...# ...#..... ∆ ...g.


You could see Duvessa, Dowan, a howler monkey, a goblin (ally target) and a
friendly +0 club.

Vanquished Creatures
  An orc priest (D:4)
  3 adders
  2 worms
  A dart slug (D:1)
  9 orcs
  5 ball pythons
  2 bats (D:1)
  2 endoplasms
  4 giant cockroaches
  6 goblins
  3 hobgoblins
  4 jackals (D:2)
  8 kobolds
  2 quokkas
  3 frilled lizards
  8 rats
63 creatures vanquished.

Vanquished Creatures (collateral kills)
  An orc (D:4)
  A kobold (D:3)
2 creatures vanquished.

Vanquished Creatures (others)
  3 dancing weapons
  A plant (D:1)
4 creatures vanquished.

Grand Total: 69 creatures vanquished

Notes
Turn   | Place    | Note
-------+----------+-------------------------------------------
     0 | D:1      | jtron the Gnoll Wanderer began the quest for the Orb.
     0 | D:1      | jtron set off with the following items: a +0 short sword, a
                  | piece from Xom's chessboard (15/15), a potion of heal
                  | wounds, a +0 robe; and the following spell memorised: Slow;
                  | and the following spells available to memorise: Dazzling
                  | Flash, Inner Flame.
     0 | D:1      | Reached XP level 1. HP: 13/13 MP: 6/6
   554 | D:1      | Reached XP level 2. HP: 7/19 MP: 7/7
  1838 | D:1      | Found a faded altar of an unknown god.
  1848 | D:1      | Prayed at the altar of an unknown god.
  1848 | D:1      | Became a worshipper of the Shining One
  1848 | D:1      | Reached * piety under the Shining One
  2056 | D:2      | Reached skill level 5 in Spellcasting
  2056 | D:2      | Reached XP level 3. HP: 17/25 MP: 7/9
  2339 | D:2      | Reached skill level 1 in Invocations
  2884 | D:2      | Reached skill level 1 in Fighting
  2884 | D:2      | Reached skill level 1 in Long Blades
  2884 | D:2      | Reached skill level 1 in Axes
  2884 | D:2      | Reached skill level 1 in Maces & Flails
  2884 | D:2      | Reached skill level 1 in Polearms
  2884 | D:2      | Reached skill level 1 in Staves
  2884 | D:2      | Reached skill level 1 in Ranged Weapons
  2884 | D:2      | Reached skill level 1 in Throwing
  2884 | D:2      | Reached skill level 1 in Armour
  2884 | D:2      | Reached skill level 1 in Stealth
  2884 | D:2      | Reached skill level 1 in Shields
  2884 | D:2      | Reached skill level 1 in Unarmed Combat
  2898 | D:2      | HP: 1/26 [worm (2)]
  3575 | D:3      | Reached XP level 4. HP: 9/32 MP: 7/11
  3576 | D:3      | The Shining One protects you from harm!
  4117 | D:3      | Reached skill level 1 in Conjurations
  4117 | D:3      | Reached skill level 1 in Summonings
  4117 | D:3      | Reached skill level 1 in Necromancy
  4117 | D:3      | Reached skill level 1 in Translocations
  4117 | D:3      | Reached skill level 1 in Transmutations
  4117 | D:3      | Reached skill level 1 in Fire Magic
  4117 | D:3      | Reached skill level 1 in Ice Magic
  4117 | D:3      | Reached skill level 1 in Air Magic
  4117 | D:3      | Reached skill level 1 in Earth Magic
  4117 | D:3      | Reached skill level 1 in Poison Magic
  4144 | D:3      | Learned a level 3 spell: Tukima's Dance
  4316 | D:3      | Identified the +6 sling of Bread {vorpal, Will++}
  4905 | D:4      | Reached XP level 5. HP: 29/37 MP: 6/12
  4914 | D:4      | Gained mutation: You have large cloven feet. [potion of
                  | mutation]
  5275 | D:4      | Found Koren's Self-Improvement Boutique.
  5286 | D:4      | Found a staircase to the Ecumenical Temple.
  5302 | D:4      | Noticed Duvessa
  5302 | D:4      | Noticed Dowan
  5305 | Temple   | Entered the Ecumenical Temple
  5501 | D:4      | Constricted to death by Duvessa

Illustrated notes

Levels and vault maps discovered:
D:1:      lightli_arrival_boilingwater, layout_loops_ring,
          shapermc_ecumenical_altar_mp_urbaneastern
D:2:      layout_loops_ring, grunt_ministairs_13, hangedman_decor_riveting
D:3:      layout_rooms
D:4:      layout_rooms, minmay_temple_entry_junction, nicolae_shop_self_help,
          uniq_duvessa
Temple:   jpeg_temple_clearing

Skill      XL: |  1  2  3  4  5 |
---------------+----------------+-----
Spellcasting   | 5 |  5.2
Invocations    | 1 |  1.6
Fighting       | 1 |  1.4
Long Blades    | 1 |  1.4
Axes           | 1 |  1.4
Maces & Flails | 1 |  1.4
Polearms       | 1 |  1.4
Staves         | 1 |  1.4
Ranged Weapons | 1 |  1.4
Throwing       | 1 |  1.4
Armour         | 1 |  1.4
Stealth        | 1 |  1.4
Shields        | 1 |  1.4
Unarmed Combat | 1 |  1.4
Conjurations   | 1 |  1.1
Summonings     | 1 |  1.1
Necromancy     | 1 |  1.1
Translocations | 1 |  1.1
Transmutations | 1 |  1.1
Fire Magic     | 1 |  1.1
Ice Magic      | 1 |  1.1
Air Magic      | 1 |  1.1
Earth Magic    | 1 |  1.1
Poison Magic   | 1 |  1.1
Short Blades   | 3 |  3.0
Dodging        | 3 |  3.0
Hexes          | |  5.5
Evocations     | |  6.7

Action                   |  1- 3 |  4- 6 || total
-------------------------+-------+-------++-------
Melee: Short sword       |   215 |    71 ||   286
       Bite              |    26 |    12 ||    38
       Punch             |     2 |     1 ||     3
       Kick              |       |     5 ||     5
Throw: Boomerang         |       |     2 ||     2
 Cast: Slow              |     2 |     5 ||     7
       Tukima's Dance    |       |     8 ||     8
Invok: Divine Shield     |     1 |       ||     1
Evoke: Wand              |       |     1 ||     1
  Use: Potion            |     2 |     1 ||     3
       Scroll            |     2 |       ||     2
 Stab: Sleeping          |     1 |       ||     1
Armor: Robe              |    24 |     8 ||    32
Dodge: Dodged            |   118 |    49 ||   167
Block: Other             |     1 |     1 ||     2
